Map: Rhoskallian LE

Players

qqq - Winner!

  • Race: Zerg Zerg
  • League: Platinum
  • Spawn Location: 11:00

Massa - Winner!

  • Race: Terran Terran
  • League: Platinum
  • Spawn Location: 12:00

zmisw

  • Race: Protoss Protoss
  • Spawn Location: 6:00

Ystreet

  • Race: Zerg Zerg
  • Spawn Location: 5:00

VOD

Have the link to the VOD?

Description

Time

  • Played on: Sept. 26, 2020, 7:56 a.m.
  • Length: 11:37
Show
View Real Time Build Order
Export as new Build Order

qqq Zerg - Winner!

Build Orders: Hatch First, Swarm Host 

Get SALT Encoding   

  12  0:01  Drone  
  13  0:08  Drone  
  14  0:40  Hatchery  
  13  0:45  Drone  
  14  0:59  Spawning Pool  
  13  1:08  Drone  
  13  1:09  Overlord  
  14  1:14  Extractor  
  14  1:16  Drone  
  14  1:28  Drone  
  15  1:42  Drone  
  15  1:43  Drone  
  17  1:51  Zergling x2  
  17  1:52  Queen  
  20  1:58  Drone  
  21  2:03  Zergling x2  
  21  2:08  Drone  
  22  2:16  Metabolic Boost  
  22  2:17  Zergling x2  
  22  2:20  Drone  
  24  2:25  Drone  
  24  2:28  Drone  
  26  2:35  Zergling x2  
  27  2:41  Overlord  
  27  2:53  Zergling x2  
  28  2:59  Queen  
  28  3:04  Drone, Zergling x2  
  28  3:05  Drone  
  32  3:13  Zergling x2  
  32  3:14  Zergling x2  
  33  3:22  Zergling x4  
  33  3:25  Overlord  
  35  3:32  Lair  
  35  3:34  Overlord  
  35  3:41  Drone, Baneling Nest  
  34  3:44  Drone x2  
  37  3:52  Zergling x2  
  37  3:54  Drone  
  39  4:07  Zergling x8  
  39  4:08  Drone x2  
  45  4:24  Zergling x2  
  45  4:25  Zergling x6  
  49  4:53  Drone x2  
  49  4:54  Drone  
  49  4:55  Overlord x4  
  52  5:01  Extractor, Infestation Pit  
  50  5:08  Extractor x2, Drone x3  
  50  5:09  Drone  
  52  5:16  Baneling x2  
  52  5:17  Baneling  
  52  5:24  Hatchery  
  50  5:34  Zergling x6  
  51  5:42  Drone  
  51  5:43  Drone x4  
  53  6:01  Baneling x2  
  53  6:02  Baneling  
  52  6:04  Baneling x2  
  52  6:08  Drone, Zergling x6  
  52  6:09  Drone x2  
  50  6:32  Spore Crawler  
  45  6:34  Spore Crawler  
  45  6:37  Spore Crawler  
  45  6:38  Drone x2  
  45  6:40  Spore Crawler  
  45  6:42  Drone x2  
  45  6:43  Drone  
  44  6:51  Hydralisk Den  
  43  6:56  Pneumatized Carapace, Nydus Network  
  43  6:57  Drone  
  43  6:58  Drone x3  
  43  6:59  Drone  
  47  7:06  Swarm Host x3  
  56  7:25  Drone x2  
  56  7:27  Swarm Host x2  
  56  7:29  Hydralisk  
  66  7:36  Muscular Augments  
  66  7:38  Queen  
  68  7:45  Nydus Canal  
  68  7:49  Spore Crawler  
  68  7:50  Hatchery, Spore Crawler  
  65  7:51  Drone x2, Spine Crawler  
  65  7:53  Swarm Host  
  65  7:54  Zergling x2  
  65  7:57  Drone x2  
  72  8:15  Swarm Host x3  
  72  8:18  Drone  
  82  8:25  Hydralisk  
  82  8:26  Hydralisk  
  86  8:30  Drone  
  86  8:31  Drone x2  
  89  8:47  Grooved Spines  
  89  8:48  Drone  
  89  8:52  Queen, Spore Crawler x2  
  89  8:53  Spore Crawler  
  89  8:55  Overlord x3  
  89  8:58  Drone  
  90  9:07  Nydus Canal  
  90  9:15  Drone x2  
  92  9:28  Queen  
  92  9:29  Lurker Den  
  92  9:31  Evolution Chamber  
  92  9:32  Evolution Chamber  
  91  9:41  Overseer  
  91  9:57  Nydus Canal  
  91  9:59  Drone x5  
  97  10:00  Drone  
  97  10:03  Spore Crawler  
  97  10:04  Hydralisk x5, Spore Crawler  
  97  10:05  Hydralisk x3  
  112  10:07  Zergling x2  
  112  10:09  Overlord x5  
  109  10:23  Nydus Canal  
  102  10:38  Hydralisk x5  
  93  10:52  Hydralisk x2  
  93  10:53  Hydralisk x3  
  103  11:08  Nydus Canal  
Show
View Real Time Build Order
Export as new Build Order

Massa Terran - Winner!

Build Orders:  

Get SALT Encoding   

  12  0:00  SCV  
  13  0:12  SCV  
  14  0:23  Supply Depot  
  14  0:24  SCV  
  15  0:42  Refinery  
  15  0:45  SCV  
  15  0:46  Barracks  
  16  0:57  SCV  
  17  1:09  SCV  
  18  1:21  SCV  
  19  1:33  SCV  
  20  1:45  SCV  
  22  1:47  Reaper  
  22  1:57  SCV  
  23  2:13  Supply Depot  
  23  2:21  Orbital Command  
  23  2:27  Factory  
  23  2:35  Marine  
  24  2:47  Supply Depot  
  24  2:56  Command Center  
  24  2:58  SCV  
  25  3:04  Barracks Reactor  
  25  3:10  SCV  
  25  3:27  Starport  
  25  3:28  Hellion  
  27  3:41  Command Center  
  27  3:51  Barracks Tech Lab  
  27  3:57  Barracks  
  27  3:58  Hellion x2  
  31  4:07  Viking  
  33  4:11  SCV x2  
  34  4:44  Marauder  
  36  4:46  Orbital Command  
  36  4:55  Orbital Command  
  36  5:03  Engineering Bay  
  36  5:05  Marauder  
  36  5:06  SCV  
  39  5:13  SCV  
  40  5:17  Barracks Reactor  
  40  5:18  SCV  
  41  5:22  Hellion  
  41  5:25  SCV  
  41  5:27  Marauder  
  46  5:30  SCV  
  47  6:00  Marauder, Marine  
  47  6:01  Marine  
  47  6:03  SCV x2  
  53  6:15  SCV x2, Missile Turret  
  53  6:17  Missile Turret  
  53  6:18  Marine x2  
  55  6:19  Missile Turret  
  55  6:20  Missile Turret  
  55  6:21  Marine  
  55  6:24  Missile Turret  
  55  6:25  Stimpack  
  58  6:27  SCV x2  
  58  6:28  Missile Turret  
  58  6:30  Orbital Command, Missile Turret  
  60  6:34  Missile Turret  
  60  6:35  Widow Mine x2  
  60  6:36  Marine x2  
  60  6:39  Marine  
  67  6:43  Starport Reactor  
  67  6:54  Marine x2  
  68  6:59  Supply Depot x3  
  69  7:01  Supply Depot  
  69  7:20  SCV x3, Marine x2  
  74  7:24  Supply Depot  
  74  7:30  Missile Turret  
  74  7:31  Missile Turret  
  74  7:32  SCV x3, Marine  
  74  7:36  Widow Mine x2, Missile Turret  
  82  7:38  Marine x2  
  84  7:45  SCV  
  84  7:47  Missile Turret  
  84  7:50  Marine  
  86  7:54  Refinery  
  86  7:56  Marauder  
  86  7:57  Refinery  
  86  7:58  Terran Infantry Weapons Level 1  
  88  7:59  Missile Turret  
  88  8:02  Engineering Bay  
  88  8:13  SCV x3  
  88  8:18  Marauder  
  93  8:25  SCV x2, Viking  
  97  8:36  Barracks  
  97  8:39  Refinery  
  97  8:40  Terran Infantry Armor Level 1  
  97  8:41  Factory Tech Lab  
  97  8:48  Viking  
  99  9:19  Command Center  
  99  9:20  Viking x2  
  103  9:30  Refinery  
  103  9:33  Refinery  
  103  9:44  Armory  
  103  9:48  Armory  
  103  9:50  Viking  
  103  9:51  Supply Depot  
  105  9:58  Supply Depot  
  105  10:01  Barracks  
  105  10:02  Barracks  
  105  10:03  Barracks  
  105  10:21  Supply Depot  
  105  10:25  Marine x3  
  108  10:32  Viking x2  
  108  10:34  Thor  
  116  10:43  Marine x3, Supply Depot  
  111  10:51  Barracks  
  111  10:56  Barracks Reactor x3  
  111  11:00  Marine  
  111  11:01  Marine x2, Viking  
  111  11:02  Viking  
  118  11:07  Supply Depot  
  121  11:18  Marine  
  120  11:30  Supply Depot  
Show
View Real Time Build Order
Export as new Build Order

zmisw Protoss 

Build Orders: Cannon Rush 

Get SALT Encoding   

  12  0:00  Probe  
  13  0:12  Probe  
  14  0:23  Pylon  
  14  0:25  Probe  
  15  0:41  Probe  
  16  0:43  Forge  
  16  0:53  Probe  
  17  1:19  Pylon  
  17  1:21  Pylon  
  16  1:38  Photon Cannon  
  16  1:42  Photon Cannon  
  16  1:52  Photon Cannon  
  15  2:07  Probe  
  16  2:09  Assimilator  
  16  2:19  Probe (Chrono Boost)  
  17  2:26  Nexus  
  18  2:30  Probe (Chrono Boost), Gateway  
  18  2:35  Probe (Chrono Boost)  
  18  2:36  Pylon  
  19  2:46  Probe, Assimilator  
  20  2:55  Photon Cannon  
  20  2:58  Probe  
  21  3:06  Photon Cannon  
  21  3:11  Probe  
  22  3:23  Probe  
  23  3:36  Probe (Chrono Boost)  
  24  3:42  Cybernetics Core  
  24  3:45  Probe (Chrono Boost)  
  25  3:54  Probe (Chrono Boost)  
  25  3:55  Probe (Chrono Boost)  
  29  4:03  Probe (Chrono Boost)  
  29  4:05  Probe (Chrono Boost), Pylon  
  29  4:09  Probe (Chrono Boost)  
  30  4:12  Probe (Chrono Boost)  
  30  4:15  Assimilator  
  30  4:16  Probe  
  31  4:23  Probe  
  33  4:25  Stargate  
  33  4:28  Probe  
  34  4:35  Probe  
  35  4:39  Stargate  
  35  4:45  Photon Cannon  
  35  4:47  Probe  
  35  4:50  Pylon  
  36  4:56  Pylon  
  36  4:57  Probe  
  36  4:59  Probe  
  38  5:06  Pylon  
  38  5:09  Probe  
  38  5:10  Assimilator  
  38  5:11  Probe  
  40  5:14  Void Ray  
  40  5:18  Void Ray  
  44  5:21  Probe  
  44  5:23  Probe  
  50  5:36  Probe  
  50  5:38  Photon Cannon  
  51  5:52  Void Ray  
  51  5:55  Void Ray  
  59  6:29  Void Ray  
  59  6:32  Void Ray  
  67  6:57  Pylon  
  67  7:06  Void Ray  
  67  7:12  Protoss Air Weapons Level 1 (Chrono Boost)  
  71  7:24  Fleet Beacon  
  71  7:40  Pylon  
  71  7:43  Stargate  
  71  8:10  Carrier  
  76  8:24  Carrier (Chrono Boost)  
  82  8:30  Carrier (Chrono Boost)  
  88  8:48  Photon Cannon  
  88  8:49  Photon Cannon  
  88  9:11  Carrier (Chrono Boost)  
  88  9:13  Protoss Air Armor Level 1 (Chrono Boost)  
  94  10:31  Carrier  
Show
View Real Time Build Order
Export as new Build Order

Ystreet Zerg 

Build Orders: Hatch First 

Get SALT Encoding   

  12  0:00  Drone  
  13  0:10  Extractor  
  13  0:12  Drone  
  13  0:16  Drone  
  14  0:26  Overlord  
  14  1:02  Drone  
  15  1:06  Drone  
  15  1:08  Hatchery  
  15  1:27  Spawning Pool  
  15  1:32  Drone  
  15  1:46  Drone  
  16  1:48  Overlord  
  16  2:13  Metabolic Boost  
  16  2:15  Lair  
  16  2:18  Zergling x4  
  18  2:23  Zergling x2  
  18  2:28  Zergling x2  
  20  2:37  Zergling x2  
  20  2:41  Drone  
  22  2:48  Zergling x2  
  23  2:54  Queen  
  23  2:57  Zergling x2  
  26  3:00  Zergling x2  
  26  3:05  Zergling x2  
  26  3:17  Nydus Network  
  25  3:24  Zergling x2  
  25  3:25  Zergling x2  
  27  3:30  Zergling x2  
  28  3:36  Zergling x2  
  29  3:44  Zergling x4  
  29  3:47  Zergling x2  
  32  3:55  Nydus Canal  
  32  4:01  Zergling x2  
  29  4:36  Roach Warren  
  29  4:37  Pneumatized Carapace  
  28  4:39  Zergling x4  
  28  4:40  Drone  
  28  4:41  Drone  
  30  4:56  Drone x2  
  32  5:09  Nydus Canal  
  32  5:12  Zergling x4  
  32  5:13  Zergling x2  
  19  6:08  Spine Crawler  
  19  6:09  Drone x3  
  19  6:10  Spine Crawler  
  4  6:33  Drone  
  5  6:50  Drone  
  5  6:51  Queen  
  8  7:06  Drone  
  8  7:07  Drone  
  10  7:31  Drone x2  
  10  7:36  Hatchery, Drone  
  12  7:48  Glial Reconstitution  
  12  7:55  Drone  
  13  8:09  Drone  
  13  8:12  Overlord  
  14  8:13  Overlord  
  14  8:33  Extractor  
  13  8:50  Overseer  
  13  8:52  Drone  
  13  8:53  Drone x5  
  19  9:06  Drone  
  20  9:21  Queen  
  20  9:22  Drone x3  
  25  9:33  Roach x2  
  25  9:36  Roach  
  25  9:37  Roach x2  
  35  9:48  Overlord  
  35  9:49  Overlord  
  35  10:05  Drone  
  36  10:09  Roach x2  
  36  10:11  Overlord, Roach  
  36  10:12  Roach x2  
  50  10:35  Roach x2  
  50  10:36  Roach x3  
  56  10:53  Roach x2  
  56  10:56  Overlord  
  60  11:09  Overlord  
  60  11:17  Zergling x2  
  60  11:18  Zergling x6  
Tags
 
Add a new tag
Caveats
  • Supply blocks, unpowered buildings, or Contaminate may cause inaccurate times.
  • Supply counts are checked every 10 seconds.